 Dungeon Crawl Stone Soup version 0.21.1-1-g345015f (webtiles) character file.

281474 glosham the Kobold Arbalest (level 21, -5/141 HPs)
             Began as a Kobold Wanderer on Apr 3, 2018.
             Was the Champion of Okawaru.
             Killed from afar by a fire dragon (35 damage)
             ... with a blast of flame
             ... on level 15 of the Dungeon on Apr 6, 2018.
             The game lasted 12:46:15 (34016 turns).

glosham the Kobold Arbalest (Kobold Wanderer)      Turns: 34016, Time: 12:46:16

Health: -5/141     AC: 34    Str: 19    XL:     21   Next: 81%
Magic:  37/37      EV: 20    Int: 14    God:    Okawaru [******]
Gold:   2258       SH:  0    Dex: 14    Spells: 26/44 levels left

rFire    . . .     SeeInvis +   a - +9 heavy crossbow "Sniper" {velocity, Acc+∞ SInv}
rCold    . . .     Gourm    .   (shield currently unavailable)
rNeg     . . .     Faith    .   X - +6 plate armour {MR+}
rPois    .         Spirit   .   U - +2 helmet "Voakkoum" {rCorr}
rElec    .         Reflect  .   Y - +2 cloak {MR+}
rCorr    +         Harm     .   V - +2 pair of gloves {archery}
MR       +++..                  W - +2 pair of boots
Stlth    ..........             z - amulet of regeneration
HPRegen  0.73/turn              A - +3 ring of evasion
MPRegen  0.25/turn              B - +3 ring of protection

@: studying Dodging
A: small, carnivore
}: 1/15 runes: decaying
a: Heroism, Finesse, Renounce Religion


You were on level 15 of the Dungeon.
You worshipped Okawaru.
Okawaru was exalted by your worship.
You were very full.

You visited 7 branches of the dungeon, and saw 34 of its levels.
You also visited: Labyrinth, Bailey and Ice Cave.

You collected 5305 gold pieces.
You spent 3047 gold pieces at shops.

Inventory:

Hand Weapons
 a - the +9 heavy crossbow "Sniper" (weapon) {velocity, Acc+∞ SInv}
   (You found it in a labyrinth)

   Any bolt fired from it inflicts extra damage.
   It lets you see invisible.
 b - the +3 triple crossbow "Ruyvving" {penet, MR+}
   (Okawaru gifted it to you on level 5 of the Lair of Beasts)

   Ammo fired by it will pass through the targets it hits, potentially hitting
   all targets in its path until it reaches maximum range.
   It affects your resistance to hostile enchantments.
 c - the +4 triple crossbow of War {freeze, rN+}
   (Okawaru gifted it to you on level 4 of the Lair of Beasts)

   It causes projectiles fired from it to freeze those they strike, causing
   extra injury to most foes and up to half again as much damage against
   particularly susceptible opponents.
   They can also slow down cold-blooded creatures.
   It protects you from negative energy.
 d - the +8 long sword "Killer Bee's Bane" {slice, +Rage +Inv rPois}
   (You took it off a deep elf sorcerer on level 3 of the Elven Halls)

   It inflicts extra damage upon your enemies.
   It protects you from poison.
   It lets you turn invisible.
   It lets you go berserk.
Missiles
 f - 537 bolts (quivered)
Armour
 C - a scarf of resistance
 R - a +4 troll leather armour {Snorg}
 U - the +2 helmet "Voakkoum" (worn) {rCorr}
   (You found it on level 2 of the Vaults)

   It protects you from acid and corrosion.
 V - a +2 pair of gloves of archery (worn)
 W - a +2 pair of boots (worn)
 X - a +6 plate armour of magic resistance (worn)
 Y - a +2 cloak of magic resistance (worn)
Magical Staves
 w - an uncursed staff of wizardry {!a}
Jewellery
 z - an amulet of regeneration (around neck)
 A - a +3 ring of evasion (left hand)
 B - a +3 ring of protection (right hand)
 F - an uncursed ring of flight
 M - an uncursed ring of protection from magic
 N - the ring "Talu" {rN++ Str+2 Int-4 Stlth-}
   (You took it off an orc on level 12 of the Dungeon)

   [ring of loudness]

   It affects your strength (+2).
   It affects your intelligence (-4).
   It greatly protects you from negative energy.
   It makes you less stealthy.
 P - an uncursed ring of poison resistance
Wands
 g - a wand of digging (41)
Scrolls
 k - 9 scrolls of teleportation
 l - a scroll of summoning
 m - 3 scrolls of fog
 n - 2 scrolls of magic mapping
 o - 14 scrolls of remove curse
 p - 2 scrolls of identify
Potions
 h - 6 potions of brilliance
 i - 4 potions of cancellation
 j - a potion of ambrosia
 q - a potion of invisibility
 r - 10 potions of curing
 s - 10 potions of heal wounds
 t - 3 potions of magic
 u - a potion of resistance
 v - 2 potions of haste
 x - a potion of agility
 y - 4 potions of might
Books
 Z - a manual of Dodging
Comestibles
 e - 62 rations


   Skills:
 - Level 18.0 Fighting
   Level 1.7 Maces & Flails
 O Level 27 Crossbows
 - Level 1.1 Throwing
 - Level 6.1 Armour
 * Level 18.0 Dodging
 - Level 12.4 Spellcasting
 - Level 8.0 Translocations
 - Level 9.0 Invocations
 - Level 1.2 Evocations


You had 26 spell levels left.
You knew the following spells:

 Your Spells              Type           Power        Failure   Level  Hunger
a - Apportation           Tloc           ####..       9%          1    None
b - Blink                 Tloc           N/A          12%         2    None
g - Passage of Golubria   Tloc           N/A          63%         4    ###....
p - Portal Projectile     Hex/Tloc       ###...       77%         3    None
r - Regeneration          Chrm/Necr      #.........   100%        3    None
s - Shroud of Golubria    Chrm/Tloc      ###.......   54%         2    None
A - Animate Skeleton      Necr           N/A          91%         1    None
S - Song of Slaying       Chrm           #.......     97%         2    None


Dungeon Overview and Level Annotations

Branches:
Dungeon (15/15)            Temple (0/1) D:5            Lair (6/6) D:11
  Swamp (4/4) Lair:4       Spider (0/4) Lair:4        Slime (0/5) Lair:5
    Orc (2/2) D:9             Elf (3/3) Orc:2        Vaults (3/5) D:14
  Crypt (0/3) Vaults:2     Depths (1/5) D:15

Altars:
Ashenzari
Cheibriados
Elyvilon
Hepliaklqana
Kikubaaqudgha
Makhleb
Nemelex Xobeh
Okawaru
Ru
Trog
Vehumet
Wu Jian
Xom
Yredelemnul
The Shining One
Beogh
Jiyva

Shops:
D:4 (   D:5 %?!   D:15 :   Orc:2 }!([*   Elf:1 ([   Vaults:3 }

Annotations:
Swamp:4 Lernaean hydra
Elf:2 3 runed doors


Innate Abilities, Weirdness & Mutations

You are small and have problems with some larger weapons.
You are carnivorous and can eat meat at any time.


Message History

The large rock completely misses you.
The centaur warrior shoots an arrow.
The arrow barely misses you. The stone giant hits you!!
Firing (i - inventory):
f - 540 bolts (quivered)
Press: ? - help, Shift-Dir - straight line, f/p - stone giant
Aim: a stone giant (almost dead)
You shoot a bolt. The bolt hits the stone giant!!
You kill the stone giant!
Okawaru accepts your kill.
Your Dodging skill increases to level 18!
You hear a shout!
The centaur warrior shoots an arrow.
The arrow hits you.
A stone giant comes into view.
The centaur warrior shoots an arrow.
The arrow barely misses you. The fire dragon breathes flames at you.
The blast of flame hits you!
* * * LOW HITPOINT WARNING * * *
The centaur warrior shoots an arrow.
The arrow closely misses you.
The arrow hits the stone giant.
You climb upwards.
Welcome back to the Dungeon!
Your magical contamination has completely faded away.
There is a staircase to the Depths here.
Items here: !!! " )))))) /////// :::::::::: ====== ????? [[[[[[[ || }}} Firing (i - inventory):
f - 539 bolts (quivered)
Press: ? - help, Shift-Dir - straight line, f - fire dragon
Aim: a fire dragon (catching its breath)
You shoot a bolt. The bolt hits the fire dragon!
The fire dragon is moderately wounded.
The fire dragon completely misses you. x2
The fire dragon tramples you but does no damage.
The fire dragon bites you but does no damage.
The fire dragon claws you but does no damage.
The fire dragon tramples you but does no damage.
Firing (i - inventory):
f - 538 bolts (quivered)
Press: ? - help, Shift-Dir - straight line, f/p - fire dragon
Aim: a fire dragon (moderately wounded)
You shoot a bolt. The bolt hits the fire dragon!
The fire dragon is moderately wounded.
The fire dragon breathes flames at you. The blast of flame hits you!
You die...

....).#.)....#...................
.######[#.##########.............
.# ####)#...............)........
.###....#.##########(............
.....####....#.# #(............
#########......#####(............
#.........#..(.((.............
##+###..###.####.(#####.#######
#.........[#..@#.## #.#
#...##..)#...D.#.######.#
###...#....#.#...#.....##.#
#..........#..#.#.#.#..##.#
#..........#.....#...#.##(#
#..........#####.#.....##.#
#...........####.#⌠..#....#
#.............†#.####.###.#######
##########....)...)..#....#......


You could see a fire dragon.

Vanquished Creatures
  Boris (Vaults:3)
  Jorgrun (Elf:3)
  A tentacled monstrosity (Swamp:3)
  A deep elf master archer (Elf:3)
  A deep elf blademaster (Elf:3)
  A sphinx (Vaults:3)
  A thorn hunter (Swamp:3)
  Kirke (Swamp:3)
  Donald (Swamp:3)
  5 deep elf sorcerers (Elf:3)
  A frost giant (Vaults:2)
  An ironheart preserver (Vaults:1)
  7 vault wardens
  3 deep elf elementalists (Elf:3)
  Louise (Swamp:2)
  4 stone giants
  A war gargoyle (Vaults:2)
  Nessos (Orc:2)
  4 deep elf demonologists
  Azrael (D:12)
  10 deep elf annihilators
  The ghost of Shinoi the Basher, a journeyman VSFi of the Shining One (D:15)
  Snorg (D:11)
  The ghost of graki42 the Thaumaturge, a journeyman DEFE of Vehumet (Lair:6)
  A minotaur (Lab)
  A blizzard demon (IceCv)
  Josephine (D:10)
  3 deep elf death magi
  4 deep elf high priests (Elf:3)
  2 yaktaur captains
  6 ogre magi
  2 fire dragons (Vaults:2)
  2 great orbs of eyes
  2 ghost crabs
  22 hydras
  2 rakshasas
  13 vault guards
  5 centaur warriors
  Erica (D:11)
  4 catoblepae
  7 alligators
  2 death knights
  30 dancing weapons
  13 death yaks
  A deep troll earth mage (Vaults:1)
  19 two-headed ogres
  Sonja (D:11)
  Urug (D:12)
  27 deep elf knights
  A skeletal warrior (D:12)
  A fire crab (Lair:6)
  Nergalle (D:12)
  4 unseen horrors
  11 swamp dragons
  2 shambling mangroves
  3 spriggan druids
  2 wizards
  7 deep trolls
  26 deep elf archers
  A flayed ghost (Vaults:3)
  4 necromancers
  A phantasmal warrior (Vaults:2)
  9 harpies
  10 orc knights
  68 deep elf magi
  7 ironbrand convokers
  2 wolf spiders
  11 ugly things
  3 orc sorcerers (Orc:1)
  7 cyclopes
  4 manticores
  7 vault sentinels
  5 oklob plants
  4 black mambas
  Maurice (D:12)
  Joseph (D:8)
  3 centaur skeletons
  3 ice statues
  5 elephants (Lair:5)
  8 spiny frogs
  3 rime drakes
  6 komodo dragons
  An efreet (D:15)
  7 yaktaurs
  4 kobold demonologists
  2 freezing wraiths
  A human skeleton (Vaults:2)
  18 ice devils
  A troll (shapeshifter) (D:15)
  16 trolls
  19 hornets
  7 bog bodies
  12 blink frogs
  6 polar bears
  A tengu simulacrum (Vaults:2)
  10 tyrant leeches
  33 slime creatures
  8 hippogriffs
  6 dream sheep (Lair:5)
  An air elemental (Elf:2)
  A meliai zombie (D:14)
  3 centaur simulacra (D:14)
  7 spriggans
  3 shadows
  A spriggan (shapeshifter) (Vaults:2)
  A water elemental (Elf:2)
  A vampire (D:15)
  4 fire bats (Lair:5)
  5 wyverns
  7 fire elementals
  39 yaks
  8 wraiths
  A hog (shapeshifter) (Vaults:1)
  A human (shapeshifter) (Vaults:3)
  4 basilisks
  A hog (Swamp:2)
  Grum (D:11)
  17 vampire mosquitoes
  A yaktaur simulacrum (Vaults:3)
  2 hungry ghosts (D:11)
  27 insubstantial wisps
  5 wargs
  2 soldier ants
  15 swamp worms
  2 acid dragons
  5 porcupines
  4 hell hounds (D:12)
  11 water moccasins
  30 orc warriors
  13 swamp drakes
  2 ice beasts
  A phantom (D:11)
  2 sky beasts
  An elf zombie (Vaults:2)
  2 black bears
  An orc zombie (Vaults:1)
  2 necrophages
  29 ogres
  55 wolves
  21 big kobolds
  7 crocodiles
  A human zombie (Vaults:1)
  A yaktaur zombie (Vaults:1)
  11 bullfrogs
  A gnoll sergeant (Orc:2)
  4 earth elementals
  4 scorpions
  19 killer bees
  7 electric eels
  A howler monkey (D:9)
  11 crimson imps
  A human simulacrum (Vaults:1)
  A wyvern simulacrum (D:14)
  3 bullfrog zombies
  22 orc priests
  2 gnoll shamans
  4 hounds
  5 jellies
  30 orc wizards
  2 bullfrog skeletons
  3 iguanas
  16 worker ants
  2 killer bee zombies
  A hound skeleton (D:6)
  A worker ant zombie (D:11)
  27 gnolls
  A howler monkey skeleton (D:6)
  8 adders
  3 shadow imps
  9 white imps
  11 ufetubi
  2 oozes
  An adder skeleton (D:5)
  A worm (Lair:4)
  A dart slug (D:2)
  5 leopard geckos
  100 orcs
  A bat (D:2)
  5 giant cockroaches
  12 goblins
  13 hobgoblins
  10 jackals
  4 quokkas
  A ball python (D:1)
  A jackal skeleton (D:6)
  40 kobolds
  A leopard gecko skeleton (D:6)
  4 rats
  9 plants
1375 creatures vanquished.

Vanquished Creatures (collateral kills)
  A death yak (D:10)
1 creature vanquished.

Vanquished Creatures (others)
  A wizard (D:4)
  3 humans (Swamp:3)
  2 vampire mosquitoes (Swamp:3)
  A killer bee (D:8)
  4 white imps (IceCv)
  2 ufetubi (IceCv)
  A bush (Lair:1)
  7 fungi
  11 plants
32 creatures vanquished.

Grand Total: 1408 creatures vanquished

Notes
Turn   | Place    | Note
-------+----------+-------------------------------------------
     0 | D:1      | glosham the Kobold Wanderer began the quest for the Orb.
     0 | D:1      | glosham set off with: a book of Spatial Translocations, a +0 mace, a potion of curing, a +0 robe, a ration
     0 | D:1      | Reached XP level 1. HP: 14/14 MP: 2/2
    69 | D:1      | Reached XP level 2. HP: 15/20 MP: 3/3
    74 | D:1      | Learned a level 2 spell: Blink
   213 | D:1      | Reached skill level 4 in Fighting
   606 | D:2      | Reached XP level 3. HP: 24/24 MP: 4/4
   740 | D:2      | Found a sparkling altar of Nemelex Xobeh.
   740 | D:2      | Found a transporter.
   855 | D:2      | Found a burning altar of Makhleb.
   857 | D:2      | Found a shimmering altar of Xom.
   989 | D:2      | Found a white marble altar of Elyvilon.
   994 | D:2      | Found an iron altar of Okawaru.
  1006 | D:2      | Became a worshipper of Warmaster Okawaru
  1066 | D:2      | Learned a level 2 spell: Shroud of Golubria
  1538 | D:3      | Reached skill level 5 in Fighting
  1739 | D:3      | Reached XP level 4. HP: 31/31 MP: 5/5
  1824 | D:3      | Found an ornate altar of the Wu Jian Council.
  2007 | D:4      | Reached skill level 1 in Armour
  2080 | D:4      | Reached skill level 2 in Armour
  2080 | D:4      | Reached XP level 5. HP: 35/35 MP: 6/6
  2310 | D:4      | Found a glowing golden altar of the Shining One.
  2348 | D:4      | Reached skill level 6 in Fighting
  2374 | D:4      | Reached XP level 6. HP: 37/41 MP: 7/7
  2434 | D:4      | Found Zehyff's Weapon Emporium.
  2514 | D:4      | Found a bloodstained altar of Trog.
  2515 | D:4      | Noticed a wizard
  2520 | D:4      | Killed a wizard
  2787 | D:5      | Entered Level 5 of the Dungeon
  2879 | D:5      | Noticed an ogre
  2887 | D:5      | Killed an ogre
  2887 | D:5      | Reached * piety under Okawaru
  2887 | D:5      | Reached skill level 7 in Fighting
  2958 | D:5      | Reached XP level 7. HP: 43/48 MP: 8/8
  3110 | D:5      | Reached skill level 8 in Fighting
  3237 | D:5      | Found Poddenio's Magic Scroll Emporium.
  3243 | D:5      | Found Tifin's Distillery.
  3325 | D:5      | Found a staircase to the Ecumenical Temple.
  3357 | D:5      | Found Biomu's Food Shoppe.
  3480 | D:6      | Reached ** piety under Okawaru
  3487 | D:6      | Reached skill level 9 in Fighting
  3550 | D:6      | Reached XP level 8. HP: 50/56 MP: 9/9
  3575 | D:6      | You fall through a shaft for 2 floors!
  3593 | D:8      | Found a shattered altar of Ashenzari.
  3594 | D:8      | Noticed a wyvern
  3613 | D:8      | Killed a wyvern
  3658 | D:8      | Reached skill level 10 in Fighting
  3691 | D:8      | Noticed Joseph
  3709 | D:8      | Killed Joseph
  3709 | D:8      | Reached *** piety under Okawaru
  3709 | D:8      | Reached skill level 11 in Fighting
  3790 | D:8      | Reached XP level 9. HP: 31/64 MP: 10/10
  4130 | D:8      | Noticed a hornet
  4134 | D:8      | Killed a hornet
  4134 | D:8      | Reached skill level 12 in Fighting
  4136 | D:8      | Noticed a hornet
  4163 | D:8      | Killed a hornet
  4425 | D:8      | Noticed a hornet
  4432 | D:8      | Killed a hornet
  4564 | D:8      | Found a radiant altar of Vehumet.
  4620 | D:8      | Reached skill level 13 in Fighting
  4633 | D:8      | Reached **** piety under Okawaru
  5081 | D:7      | Found a snail-covered altar of Cheibriados.
  5110 | D:7      | Reached XP level 10. HP: 73/73 MP: 11/11
  5242 | D:6      | Reached skill level 14 in Fighting
  5277 | D:6      | Found a sacrificial altar of Ru.
  5367 | D:6      | Found a basalt altar of Yredelemnul.
  5947 | D:7      | Learned a level 1 spell: Apportation
  5976 | D:6      | Reached skill level 1 in Crossbows
  6115 | D:7      | Reached skill level 3 in Crossbows
  6377 | D:5      | Bought a scroll of blinking for 97 gold pieces
  6377 | D:5      | Bought a scroll of fog for 26 gold pieces
  6377 | D:5      | Bought a scroll of magic mapping for 45 gold pieces
  6377 | D:5      | Bought a scroll of fear for 45 gold pieces
  6377 | D:5      | Bought a scroll of summoning for 123 gold pieces
  6377 | D:5      | Bought a scroll of identify for 26 gold pieces
  6385 | D:5      | Bought a potion of degeneration for 13 gold pieces
  6474 | D:9      | Reached skill level 4 in Crossbows
  6810 | D:9      | Reached skill level 5 in Crossbows
  6998 | D:9      | Reached skill level 6 in Crossbows
  7131 | D:9      | Found a staircase to the Orcish Mines.
  7135 | D:9      | Reached skill level 7 in Crossbows
  7342 | D:9      | Reached skill level 8 in Crossbows
  7342 | D:9      | Reached XP level 11. HP: 77/80 MP: 12/12
  7375 | D:9      | Reached skill level 9 in Crossbows
  7379 | D:9      | Reached ***** piety under Okawaru
  7403 | D:9      | Reached skill level 10 in Crossbows
  7611 | D:10     | Entered Level 10 of the Dungeon
  7813 | D:10     | Received a gift from Okawaru
  7965 | D:10     | Reached skill level 11 in Crossbows
  8103 | D:10     | Noticed Josephine
  8121 | D:10     | Killed Josephine
  8128 | D:10     | Reached skill level 12 in Crossbows
  8321 | D:10     | Received a gift from Okawaru
  8845 | D:11     | Noticed an oklob plant
  8942 | D:11     | Noticed a cyclops
  8953 | D:11     | Killed a cyclops
  8953 | D:11     | Received a gift from Okawaru
  8953 | D:11     | Reached skill level 13 in Crossbows
  9046 | D:11     | Noticed a red ugly thing
  9047 | D:11     | Noticed Snorg
  9071 | D:11     | Killed a red ugly thing
  9071 | D:11     | HP: 6/80 [Snorg (18)]
  9088 | D:11     | Killed Snorg
  9088 | D:11     | Received a gift from Okawaru
  9088 | D:11     | Reached XP level 12. HP: 35/86 MP: 13/13
  9375 | D:11     | Noticed Erica
  9438 | D:11     | Killed Erica
  9438 | D:11     | Received a gift from Okawaru
  9438 | D:11     | Reached skill level 14 in Crossbows
  9477 | D:11     | Noticed Sonja
  9503 | D:11     | HP: 8/86 [poisoned by Sonja]
  9504 | D:11     | Killed Sonja
  9627 | D:11     | Found a staircase to the Lair.
  9706 | D:11     | Learned a level 1 spell: Animate Skeleton
  9711 | D:11     | Learned a level 4 spell: Passage of Golubria
  9762 | D:11     | Received a gift from Okawaru
  9762 | D:11     | Reached skill level 15 in Crossbows
  9966 | D:5      | Bought a potion of resistance for 130 gold pieces
  9966 | D:5      | Bought a potion of curing for 39 gold pieces
  9966 | D:5      | Bought a potion of curing for 39 gold pieces
  9966 | D:5      | Bought a potion of haste for 130 gold pieces
 10111 | Lair:1   | Entered Level 1 of the Lair of Beasts
 10134 | Lair:1   | Noticed a death yak
 10144 | Lair:1   | Noticed a death yak
 10147 | Lair:1   | Noticed a death yak
 10154 | Lair:1   | Noticed a death yak
 10156 | Lair:1   | Noticed Grum
 10244 | D:10     | Killed a death yak
 10297 | D:10     | Killed a death yak
 10340 | D:11     | Killed a death yak
 10346 | D:11     | Received a gift from Okawaru
 10424 | D:10     | Killed a death yak
 10424 | D:10     | Reached skill level 16 in Crossbows
 10606 | D:11     | Killed Grum
 10625 | D:11     | Reached ****** piety under Okawaru
 10823 | Lair:1   | Identified a scroll of acquirement
 10824 | Lair:1   | Got a brightly glowing triple crossbow
 10825 | Lair:1   | Identified the +3 triple crossbow of the Sun {elec, rN+} (You acquired it on level 1 of the Lair of Beasts)
 11193 | Lair:2   | Noticed a seven-headed hydra
 11203 | Lair:2   | Killed a seven-headed hydra
 11203 | Lair:2   | Received a gift from Okawaru
 11390 | Lair:2   | Reached XP level 13. HP: 91/91 MP: 14/14
 11411 | Lair:2   | Reached skill level 17 in Crossbows
 11563 | Lair:2   | Noticed a seven-headed hydra
 11577 | Lair:2   | Killed a seven-headed hydra
 11597 | Lair:2   | Reached skill level 1 in Invocations
 11864 | Lair:2   | Reached skill level 2 in Spellcasting
 12046 | Lair:2   | Reached skill level 2 in Invocations
 12218 | Lair:3   | Reached skill level 3 in Translocations
 12223 | Lair:3   | Noticed a catoblepas
 12266 | Lair:3   | Killed a catoblepas
 12378 | Lair:3   | Reached skill level 3 in Spellcasting
 12425 | Lair:3   | Reached skill level 3 in Invocations
 12497 | Lair:3   | Noticed a five-headed hydra
 12500 | Lair:3   | Received a gift from Okawaru
 12500 | Lair:3   | Reached skill level 18 in Crossbows
 12509 | Lair:3   | Killed a five-headed hydra
 12696 | Lair:3   | Reached skill level 4 in Translocations
 12818 | Lair:2   | You fall through a shaft!
 12856 | Lair:4   | Found a hole to the Spider Nest.
 12868 | Lair:4   | Received a gift from Okawaru
 12985 | Lair:4   | Reached skill level 4 in Invocations
 12986 | Lair:4   | Received a gift from Okawaru
 12988 | Lair:4   | Got a polished triple crossbow {god gift}
 12989 | Lair:4   | Identified the +4 triple crossbow of War {freeze, rN+} (Okawaru gifted it to you on level 4 of the Lair of Beasts)
 13048 | Lair:4   | Found a staircase to the Swamp.
 13106 | Lair:4   | Noticed a five-headed hydra
 13112 | Lair:4   | Killed a five-headed hydra
 13417 | Lair:4   | Reached skill level 5 in Invocations
 13417 | Lair:4   | Reached XP level 14. HP: 81/96 MP: 18/18
 13619 | Lair:5   | Reached skill level 19 in Crossbows
 14013 | Lair:5   | Received a gift from Okawaru
 14046 | Lair:5   | Got a transparent triple crossbow {god gift}
 14055 | Lair:5   | Identified the +3 triple crossbow "Ruyvving" {penet, MR+} (Okawaru gifted it to you on level 5 of the Lair of Beasts)
 14170 | Lair:5   | Found a viscous altar of Jiyva.
 14172 | Lair:5   | Found a staircase to the Slime Pits.
 14226 | Lair:5   | Reached skill level 20 in Crossbows
 14379 | Lair:6   | Entered Level 6 of the Lair of Beasts
 14503 | Lair:6   | Received a gift from Okawaru
 14520 | Lair:6   | Got an ichor-stained arbalest {god gift}
 14521 | Lair:6   | Identified the +1 arbalest "Detikej" {freeze, Str+3} (Okawaru gifted it to you on level 6 of the Lair of Beasts)
 14814 | Lair:6   | Reached skill level 21 in Crossbows
 14848 | Lair:6   | Noticed graki42's ghost (journeyman DEFE)
 14857 | Lair:6   | Killed graki42's ghost
 14857 | Lair:6   | Received a gift from Okawaru
 15140 | Lair:6   | Reached XP level 15. HP: 101/101 MP: 17/19
 15388 | Lair:6   | Reached skill level 22 in Crossbows
 15608 | D:11     | Reached skill level 4 in Spellcasting
 15642 | D:11     | Reached skill level 5 in Spellcasting
 15795 | Orc:1    | Entered Level 1 of the Orcish Mines
 15795 | Orc:1    | Found a bloodstained altar of Trog.
 15972 | Orc:1    | Found a roughly hewn altar of Beogh.
 16062 | Orc:1    | Paralysed by an orc sorcerer for 5 turns
 16095 | Orc:1    | Reached skill level 6 in Spellcasting
 16242 | Orc:2    | Entered Level 2 of the Orcish Mines
 16242 | Orc:2    | Found Deemekh's General Store.
 16259 | Orc:2    | Reached skill level 7 in Spellcasting
 16326 | Orc:2    | Received a gift from Okawaru
 16326 | Orc:2    | Reached skill level 8 in Spellcasting
 16337 | Orc:2    | Reached skill level 9 in Spellcasting
 16348 | Orc:2    | Reached skill level 10 in Spellcasting
 16369 | Orc:2    | Reached skill level 11 in Spellcasting
 16412 | Orc:2    | Found Enogeghiph's Antique Armour Emporium.
 16422 | Orc:2    | Found Suacrah's Distillery.
 16434 | Orc:2    | Reached skill level 12 in Spellcasting
 16447 | Orc:2    | Found a labyrinth entrance.
 16460 | Lab      | Entered a labyrinth
 16649 | Lab      | Found the +9 heavy crossbow "Sniper" {velocity, Acc+∞ SInv}
 16793 | Orc:2    | Found a staircase to the Elven Halls.
 16870 | Orc:2    | Found Gozunan's Gadget Emporium.
 16915 | Orc:2    | Found Ixko Nyff's Antique Weapon Shop.
 17173 | Orc:2    | Noticed Nessos
 17175 | Orc:2    | Killed Nessos
 17214 | Orc:1    | Reached XP level 16. HP: 98/107 MP: 30/32
 17405 | Orc:1    | You fall through a shaft!
 17506 | Orc:2    | Bought a pair of embroidered gloves for 285 gold pieces
 17534 | Orc:2    | Bought a scroll of enchant armour for 90 gold pieces
 17535 | Orc:2    | Bought a potion of heal wounds for 60 gold pieces
 17535 | Orc:2    | Bought a potion of agility for 48 gold pieces
 17691 | D:12     | Noticed Urug
 17693 | D:12     | Killed Urug
 17693 | D:12     | Received a gift from Okawaru
 17766 | D:12     | Noticed Maurice
 17768 | D:12     | Killed Maurice
 17903 | D:12     | Noticed Nergalle
 17903 | D:12     | Killed Nergalle
 17961 | D:12     | Identified the +4 quarterstaff of Jabiryrun {holy, rF+ rC+ MR+} (You found it on level 12 of the Dungeon)
 18001 | D:12     | Noticed Azrael
 18007 | D:12     | Killed Azrael
 18027 | D:12     | Received a gift from Okawaru
 18329 | D:12     | Got a scintillating bronze ring
 18330 | D:12     | Identified the ring "Talu" {rN++ Str+2 Int-4 Stlth-} (You took it off an orc on level 12 of the Dungeon)
 18656 | D:13     | Received a gift from Okawaru
 18662 | D:13     | Reached skill level 23 in Crossbows
 18671 | D:13     | Got a polished arbalest {god gift}
 18802 | D:13     | Found a flagged portal.
 18830 | Bailey   | Entered a bailey
 19078 | D:13     | Found a white marble altar of Elyvilon.
 19732 | D:14     | Found a gate to the Vaults.
 19831 | D:14     | Received a gift from Okawaru
 19862 | D:14     | Identified the +8 arbalest "Himid" {penet, *Slow rC+++ MR+++ Str-4} (Okawaru gifted it to you on level 13 of the Dungeon)
 20038 | D:14     | Found a hazy altar of Hepliaklqana.
 20215 | D:15     | Entered Level 15 of the Dungeon
 20253 | D:15     | Noticed Shinoi's ghost (journeyman VSFi)
 20255 | D:15     | Killed Shinoi's ghost
 20281 | D:15     | Reached skill level 24 in Crossbows
 20359 | D:15     | Found a staircase to the Depths.
 20412 | D:15     | Found Tydyh Sir's Book Shop.
 20436 | D:15     | Reached XP level 17. HP: 39/112 MP: 30/33
 20629 | D:15     | Bought a book of the Warp for 1350 gold pieces
 20633 | D:15     | Learned a level 3 spell: Portal Projectile
 20657 | D:15     | Found an iron altar of Okawaru.
 21279 | Swamp:1  | Entered Level 1 of the Swamp
 21467 | Swamp:1  | Received a gift from Okawaru
 21566 | Swamp:1  | Reached skill level 25 in Crossbows
 21886 | Swamp:1  | HP: 7/112 [bog body/bolt of cold (9)]
 22058 | Swamp:2  | Noticed Louise
 22215 | Swamp:2  | Received a gift from Okawaru
 22344 | Swamp:2  | Killed Louise
 22867 | Swamp:3  | Noticed Donald
 22869 | Swamp:3  | Killed Donald
 23207 | Swamp:3  | Noticed a thorn hunter
 23211 | Swamp:3  | Killed a thorn hunter
 23341 | Swamp:3  | Noticed Kirke
 23454 | Swamp:3  | Identified the +7 arbalest "Puaqyamy" {elec, rPois Str+2} (You found it on level 3 of the Swamp)
 23505 | Swamp:3  | Reached skill level 26 in Crossbows
 23801 | Swamp:3  | Killed Kirke
 23880 | Swamp:3  | Noticed a tentacled monstrosity
 23891 | Swamp:3  | Killed a tentacled monstrosity
 24221 | Swamp:4  | Entered Level 4 of the Swamp
 24224 | Swamp:4  | Reached XP level 18. HP: 117/117 MP: 32/34
 24394 | Swamp:4  | Received a gift from Okawaru
 24998 | Swamp:4  | Noticed the 27-headed Lernaean hydra
 25166 | Swamp:4  | Reached skill level 27 in Crossbows
 25466 | Swamp:4  | Got a decaying rune of Zot
 25867 | Elf:1    | Entered Level 1 of the Elven Halls
 25875 | Elf:1    | Reached skill level 1 in Dodging
 25878 | Elf:1    | Reached skill level 15 in Fighting
 26017 | Elf:1    | Reached skill level 2 in Dodging
 26064 | Elf:1    | Found Waosotso's Antique Weapon Emporium.
 26069 | Elf:1    | Found Beaf Doc's Antique Armour Emporium.
 26079 | Elf:1    | Bought a pair of steaming boots for 313 gold pieces
 26089 | Elf:1    | Identified the +0 pair of boots "Jara" {rC+} (You bought it in a shop on level 1 of the Elven Halls)
 26249 | Elf:1    | Reached skill level 6 in Invocations
 26251 | Elf:1    | Reached skill level 3 in Dodging
 26374 | Elf:1    | Received a gift from Okawaru
 26376 | Elf:1    | Reached skill level 4 in Dodging
 26742 | Elf:1    | Received a gift from Okawaru
 26742 | Elf:1    | Reached skill level 5 in Dodging
 26751 | Elf:1    | Identified Vehumet's Guide on Combat Magic
 26923 | Elf:1    | Found a radiant altar of Vehumet.
 27023 | Elf:2    | Reached skill level 6 in Dodging
 27026 | Elf:2    | Reached XP level 19. HP: 32/125 MP: 35/35
 27029 | Elf:2    | Reached skill level 7 in Invocations
 27325 | Elf:2    | Received a gift from Okawaru
 27347 | Elf:2    | Reached skill level 7 in Dodging
 27397 | Elf:2    | Reached skill level 16 in Fighting
 27596 | Elf:2    | Found an ancient bone altar of Kikubaaqudgha.
 27672 | Elf:2    | Found a runed gate.
 27672 | Elf:2    | Found a runed gate.
 27672 | Elf:2    | Found a runed gate.
 27718 | Elf:2    | Reached skill level 8 in Dodging
 27839 | Elf:2    | Received a gift from Okawaru
 27839 | Elf:2    | Reached skill level 8 in Invocations
 27957 | Elf:2    | Received a gift from Okawaru
 27957 | Elf:2    | Reached skill level 9 in Dodging
 27964 | Elf:2    | Identified the +3 arbalest "Bualiol" {flame, rF+ MR+ Str+4} (Okawaru gifted it to you on level 2 of the Elven Halls)
 28164 | Elf:3    | Entered Level 3 of the Elven Halls
 28255 | Elf:3    | Found a frozen archway.
 28291 | IceCv    | Entered an ice cave
 28775 | Elf:3    | Reached skill level 10 in Dodging
 28848 | Elf:3    | Received a gift from Okawaru
 28849 | Elf:3    | Identified the +1 pair of gloves "Gioffew" {rElec MP+9 Str+3 Dex-3} (Okawaru gifted it to you on level 3 of the Elven Halls)
 28921 | Elf:3    | Noticed Jorgrun
 28928 | Elf:3    | Killed Jorgrun
 28928 | Elf:3    | Reached skill level 17 in Fighting
 29112 | Elf:3    | Reached skill level 9 in Invocations
 29114 | Elf:3    | Reached XP level 20. HP: 134/134 MP: 31/36
 29338 | Elf:3    | Reached skill level 11 in Dodging
 29409 | Elf:3    | Reached skill level 5 in Translocations
 29458 | Elf:3    | Reached skill level 12 in Dodging
 29502 | Elf:3    | Received a gift from Okawaru
 29576 | Elf:3    | Received a gift from Okawaru
 29665 | Elf:3    | Learned a level 3 spell: Regeneration
 29668 | Elf:3    | Learned a level 2 spell: Song of Slaying
 29778 | Elf:3    | Reached skill level 18 in Fighting
 29785 | Elf:3    | Got a twisted long sword {slice}
 29866 | Elf:3    | Identified the +8 long sword "Killer Bee's Bane" {slice, +Rage +Inv rPois} (You took it off a deep elf sorcerer on level 3 of the Elven Halls)
 29927 | Elf:1    | Bought a shadowed robe for 188 gold pieces
 29927 | Elf:1    | Identified the cursed +1 robe "Roath" {rCorr Int+2} (You bought it in a shop on level 1 of the Elven Halls)
 30243 | Vaults:1 | Entered Level 1 of the Vaults
 30456 | Vaults:1 | Reached skill level 6 in Translocations
 30795 | Vaults:1 | Reached skill level 13 in Dodging
 30893 | Vaults:1 | Received a gift from Okawaru
 30983 | Vaults:1 | Reached skill level 3 in Armour
 31122 | Vaults:1 | Received a gift from Okawaru
 31128 | Vaults:1 | Got a crystal triple crossbow {god gift}
 31129 | Vaults:1 | Identified the +1 triple crossbow of Floods {elec, Dex+5} (Okawaru gifted it to you on level 1 of the Vaults)
 31338 | Vaults:2 | Reached skill level 7 in Translocations
 31340 | Vaults:2 | Reached XP level 21. HP: 112/141 MP: 37/37
 31500 | Vaults:2 | Reached skill level 14 in Dodging
 31507 | Vaults:2 | Reached skill level 4 in Armour
 31720 | Vaults:2 | Found a staircase to the Crypt.
 31749 | Vaults:2 | Identified the +2 helmet "Voakkoum" {rCorr} (You found it on level 2 of the Vaults)
 32127 | Vaults:2 | Reached skill level 8 in Translocations
 32264 | Vaults:2 | Identified the +8 chain mail of the Ladybird {+Blink rCorr} (You found it on level 2 of the Vaults)
 32322 | Vaults:2 | Reached skill level 15 in Dodging
 32328 | Vaults:2 | Reached skill level 5 in Armour
 32330 | Vaults:2 | Received a gift from Okawaru
 32697 | Vaults:3 | Found Amumyg's Gadget Shop.
 32818 | Vaults:3 | Reached skill level 16 in Dodging
 33089 | Vaults:3 | Noticed Boris
 33104 | Vaults:3 | Killed Boris
 33251 | Vaults:3 | Received a gift from Okawaru
 33314 | Vaults:3 | Reached skill level 17 in Dodging
 33449 | Vaults:3 | Reached skill level 6 in Armour
 33487 | Vaults:3 | Received a gift from Okawaru
 33489 | Vaults:3 | Identified the +8 arbalest of Dorytsog {elec, rPois rN+ Dex+2} (Okawaru gifted it to you on level 3 of the Vaults)
 33999 | Depths:1 | Entered Level 1 of the Depths
 34012 | Depths:1 | Reached skill level 18 in Dodging
 34016 | D:15     | Killed from afar by a fire dragon

Skill      XL: |  1  2  3  4  5  6  7  8  9 10 11 12 13 14 15 16 17 18 19 20 21 |
---------------+----------------------------------------------------------------+-----
Fighting       | 4 5 6 7 9 11 13 14 15 17 18 | 18.0
Armour         | 2 3 6 |  6.1
Crossbows      | 8 13 16 18 21 22 24 26 27 | 27.0
Invocations    | 5 6 9 |  9.0
Spellcasting   | 3 12 | 12.4
Translocations | 4 7 8 |  8.0
Dodging        | 6 10 13 18 | 18.0
Maces & Flails | |  1.7
Throwing       | |  1.1
Evocations     | |  1.2

Action                   |  1- 3 |  4- 6 |  7- 9 | 10-12 | 13-15 | 16-18 | 19-21 || total
-------------------------+-------+-------+-------+-------+-------+-------+-------++-------
Melee: Mace              |    62 |       |       |       |       |       |       ||    62
       Morningstar       |    39 |    79 |   182 |   659 |    35 |       |       ||   994
       Punch             |       |       |       |     1 |       |       |       ||     1
       Short sword       |       |       |       |    29 |    49 |       |       ||    78
       Demon blade       |       |       |       |       |     3 |    23 |       ||    26
       Quarterstaff      |       |       |       |       |       |    25 |    27 ||    52
       Long sword        |       |       |       |       |       |       |    38 ||    38
 Fire: Arbalest          |       |       |       |   110 |       |    17 |       ||   127
       Triple crossbow   |       |       |       |    16 |   598 |    35 |     3 ||   652
       Heavy crossbow    |       |       |       |       |    14 |   769 |   638 ||  1421
Throw: Tomahawk          |       |       |       |     5 |       |       |       ||     5
       Throwing net      |       |       |       |     1 |       |       |       ||     1
 Cast: Shroud of Golubri |     3 |    11 |    14 |     9 |     3 |     6 |     2 ||    48
       Apportation       |       |       |       |    14 |   203 |   587 |   238 ||  1042
       Blink             |       |       |       |     8 |    44 |    68 |     9 ||   129
       Animate Skeleton  |       |       |       |     3 |       |       |       ||     3
       Portal Projectile |       |       |       |       |       |     1 |     1 ||     2
Invok: Heroism           |       |       |     9 |    17 |     3 |     3 |     2 ||    34
       Finesse           |       |       |       |       |     2 |     2 |     2 ||     6
 Abil: Evoke Flight      |       |       |       |     1 |     1 |     1 |       ||     3
       Cancel Portal Pro |       |       |       |       |       |     1 |     1 ||     2
Evoke: Wand              |       |       |     2 |    40 |    29 |     6 |     2 ||    79
       Phantom mirror    |       |       |       |     1 |       |       |       ||     1
  Use: Scroll            |     8 |     5 |     7 |    13 |    10 |    23 |    15 ||    81
       Potion            |       |       |       |    16 |       |     7 |       ||    23
 Stab: Petrified         |       |       |       |     1 |       |       |       ||     1
       Invisible         |       |       |       |     2 |       |       |       ||     2
  Eat: Chunk             |    11 |     6 |    10 |    30 |    22 |    32 |    26 ||   137
       Ration            |       |       |       |     1 |       |       |       ||     1
Armor: Robe              |    15 |       |       |       |       |    15 |       ||    30
       Swamp dragon scal |     1 |    16 |    47 |   187 |       |       |       ||   251
       Skin              |       |       |       |   104 |       |       |       ||   104
       Troll leather arm |       |       |       |    72 |   115 |   190 |    38 ||   415
       Chain mail        |       |       |       |       |       |     1 |       ||     1
       Plate armour      |       |       |       |       |       |       |    83 ||    83
Dodge: Dodged            |    90 |    68 |   147 |   631 |   267 |   420 |   273 ||  1896
Block: Other             |       |       |    32 |    14 |       |       |       ||    46
       Rpst.: Demon blade |       |       |       |       |       |     4 |       ||     4
       Long sword        |       |       |       |       |       |       |     9 ||     9

Table legend:
 A = Turns spent in this place as a percentage of turns spent in the entire game.
 B = Non-inter-level travel turns spent in this place as a percentage of non-inter-level travel turns spent in the entire game.
 C = Inter-level travel turns spent in this place as a percentage of turns spent in this place.
 D = Turns resting spent in this place as a percentage of non-inter-level travel turns spent in this place.
 E = Turns spent auto-exploring this place as a percentage of non-inter-level travel turns spent in this place.
 F = Non-inter-level travel turns spent in this place divided by the number of levels of this place that you've seen.
                   A       B       C       D       E      F
               +-------+-------+-------+-------+-------+----------------------
         Total | 100.0 | 100.0 |  14.5 |   4.1 |   4.5 | 785.8
       Dungeon |  44.4 |  42.3 |  18.6 |   5.4 |   5.3 | 820.1
          Lair |  15.4 |  15.7 |  12.7 |   0.0 |   2.4 | 759.8
         Swamp |  12.4 |  12.7 |  12.3 |   7.2 |   6.7 | 922.2
  Orcish Mines |   4.8 |   5.0 |  11.0 |   1.9 |   0.1 | 724.0
   Elven Halls |  10.8 |  11.7 |   7.6 |   7.0 |   2.6 | 1131.0
        Vaults |  10.0 |  10.1 |  14.1 |   0.0 |   7.7 | 978.3
        Depths |   0.0 |   0.1 |   0.0 |   0.0 |   0.0 |  15.0
     Labyrinth |   0.7 |   0.8 |   0.0 |   0.0 |   0.0 | 238.0
        Bailey |   0.4 |   0.4 |   0.0 |   0.0 |   0.0 | 124.0
      Ice Cave |   1.1 |   1.3 |   0.0 |   0.0 |   0.0 | 373.0
               +-------+-------+-------+-------+-------+----------------------

Table legend:
 A = Kills in this place as a percentage of kills in entire the game.
 B = Kills by you in this place as a percentage of kills by you in the entire game.
 C = Kills by friends in this place as a percentage of kills by friends in the entire game.
 D = Other kills in this place as a percentage of other kills in the entire game.
 E = Experience gained in this place as a percentage of experience gained in the entire game.
 F = Experience gained in this place divided by the number of levels of this place that you have seen.
                   A       B       C       D       E      F
               +-------+-------+-------+-------+-------+----------------------
         Total | 100.0 | 100.0 | 100.0 |   N/A | 100.0 | 13072.6
       Dungeon |  35.0 |  35.0 | 100.0 |   N/A |  16.4 | 5298.3
          Lair |  15.0 |  15.0 |   0.0 |   N/A |  11.8 | 9478.8
         Swamp |  12.7 |  12.7 |   0.0 |   N/A |  14.8 | 17859.2
  Orcish Mines |   8.5 |   8.5 |   0.0 |   N/A |   5.1 | 12315.0
   Elven Halls |  13.6 |  13.6 |   0.0 |   N/A |  30.7 | 49522.3
        Vaults |  10.2 |  10.2 |   0.0 |   N/A |  18.4 | 29706.7
        Depths |   0.4 |   0.4 |   0.0 |   N/A |   1.2 | 5585.0
     Labyrinth |   0.1 |   0.1 |   0.0 |   N/A |   0.2 | 1118.0
        Bailey |   2.5 |   2.5 |   0.0 |   N/A |   0.2 | 825.0
      Ice Cave |   2.0 |   2.0 |   0.0 |   N/A |   1.3 | 6057.0
               +-------+-------+-------+-------+-------+----------------------

Vault maps used:
D:1:      dpeg_arrival_houses_and_road
D:2:      nicolae_overflow_hidden_temple,
          chequers_temple_overflow_statue_of_worship, first_ration,
          grunt_nemelex_the_gamble
D:3:      marbit_many_paths, minmay_statues_item
D:4:      lemuel_round_altar, serial_shops, nicolae_shop_stone,
          serial_co_window_serial, co_window_corner_a, co_window_paths_a,
          co_window_paths_a, co_window_cross_1, co_window_corner_a,
          co_window_2corner, co_window_cross_4, co_window_broadway_c,
          hangedman_abyss_or_decor_stagger, trog_wizard
D:5:      lemuel_temple_firewalk_b, serial_shops, nicolae_shop_behind_doors,
          shop, shop
D:6:      kennysheep_little_box, nicolae_ru_sacrificial_ziggurat,
          minmay_misc_feat_columns, hangedman_decor_slide_cut,
          kennysheep_generic_room_6
D:7:      old_standard_altar, kennysheep_flooded_box
D:8:      lemuel_doored_altar, fiery_altar_vehumet, hangedman_pestilent_swarm,
          uniq_joseph
D:9:      erik_orc_2, minmay_misc_feat_doors
D:10:     uniq_josephine
D:11:     cheibrodos_frozen_isle, dpeg_oklobed_lair, uniq_sonja, uniq_snorg,
          uniq_erica
D:12:     hangedman_decor_points, kennysheep_generic_room_2, uniq_urug,
          uniq_maurice, uniq_nergalle, uniq_azrael
D:13:     enter_bailey_3, elyvilon_altar_5
D:14:     erik_vaults_2, serial_ice, serial_ice_j, serial_ice_a, serial_ice_b,
          serial_ice_c, basic_altar
D:15:     hangedman_depths_entry_civil_slaughter, serial_shops, shop,
          minmay_misc_feat_iff, okawaru_ov_weapons_minmay
Lair:1:   uniq_grum
Lair:2:   serial_bayou_lake_a, infiniplex_staircase_pool_2,
          minmay_lair_oklob_chamber
Lair:3:   eino_small_chamber_without_monster, grunt_forest_small_clearings
Lair:4:   swamp_mist_pool, nicolae_spider_entry_non_spiders, grunt_megastairs_5
Lair:5:   slime_altar_1, minmay_hedge_maze
Lair:6:   evilmike_catoblepas_cave, grunt_forest_large_clearings
Swamp:1:  evilmike_swamp_ruin_rubble_1, swamp_pool2
Swamp:2:  evilmike_swamp_ruin_house_1, infiniplex_staircase_pool, uniq_louise
Swamp:3:  nicolae_swamp_rocky_clearing, swamp_pool4, uniq_donald, uniq_kirke
Swamp:4:  swamp_old_school
Orc:1:    basic_altar, mines1_david
Orc:2:    st_orc_open, serial_shops, shop, lab_entry_generic, uniq_nessos
Elf:1:    minmay_elf_arrival_summoners, minmay_elf_annihilation,
          columned_hall_lemuel, david_defended_altar_elf, minmay_shop_star
Elf:2:    basic_altar, minivault_25, nicolae_elf_m_pinch, basic_loot_grate_trap,
          minmay_crystal_room
Elf:3:    minmay_elf_hall_dome, portal_ice_cave_entry_pillars_1, uniq_jorgrun
Vaults:1: v_misc_12, v_rooms_5, nicolae_vaults_rhombus_5, v_misc_22, v_misc_22,
          nicolae_vaults_little_squares_1, hangedman_vaults_corner_blocks,
          vaults_mumra_chevron_long, vaults_dpeg_ring
Vaults:2: minmay_crypt_entry_simple_sparse, nicolae_vaults_little_ls,
          nicolae_vaults_windows_and_doors_thing, vaults_room_fancy_cross,
          v_misc_22, ontoclasm_vaults_gallery, grunt_vaults_bifocal,
          vaults_mumra_lcd, v_misc_2, hangedman_vaults_snaps,
          hangedman_vaults_trim, v_misc_32, ontoclasm_vaults_bender,
          vaults_dpeg_hooks, ontoclasm_vaults_shuriken, v_rooms_4,
          hangedman_vaults_impose
Vaults:3: hangedman_vaults_nails, nicolae_vaults_network_s,
          vaults_standard_mumra_enter_the_diamond,
          hangedman_vaults_corner_blocks, ontoclasm_vaults_loading_screen,
          vaults_room_boxed, vaults_dpeg_spiral, grunt_vaults_hallway_short,
          nicolae_vaults_alarming, ontoclasm_vaults_misaligned, v_rooms_4,
          v_alt_pattern_1, ontoclasm_vaults_tryst, serial_shops, shop,
          uniq_boris
Depths:1: enter_ziggurat_f, nicolae_wwwww, pf_coc_iceberg,
          kennysheep_generic_room_7
Lab:      labyrinth_mini_lab, labyrinth_skeletal_remains, nicolae_lab_garden
Bailey:   bailey_axe_2, bailey
IceCv:    ice_cave_small_demon
